Map: Berlingrad LE

Players

COSTCO

  • Race: Zerg Zerg
  • League: Diamond
  • Spawn Location: 11:00

Pumba - Winner!

  • Race: Protoss Protoss
  • League: Diamond
  • Spawn Location: 5:00

VOD

Have the link to the VOD?

Description

Time

  • Played on: March 15, 2022, 9:42 p.m.
  • Length: 8:03
Show
View Real Time Build Order
Export as new Build Order

COSTCO Zerg 

Build Orders: Hatch First 

Get SALT Encoding   

  12  0:01  Drone  
  13  0:12  Overlord  
  13  0:17  Drone  
  14  0:31  Drone x2  
  16  0:49  Hatchery  
  15  0:52  Drone  
  15  0:56  Drone  
  17  1:01  Drone  
  18  1:10  Extractor  
  17  1:16  Spawning Pool  
  16  1:19  Drone  
  16  1:22  Drone  
  18  1:28  Drone  
  19  1:39  Drone  
  20  1:49  Overlord  
  20  2:03  Queen x2  
  20  2:04  Zergling x4  
  26  2:13  Drone x2  
  28  2:22  Drone  
  29  2:30  Hatchery  
  29  2:35  Metabolic Boost  
  28  2:37  Drone  
  28  2:40  Drone  
  30  2:45  Overlord  
  30  2:48  Drone  
  30  3:08  Drone x2  
  30  3:09  Drone x3  
  35  3:15  Overlord  
  35  3:16  Queen, Drone  
  38  3:22  Zergling x2  
  38  3:24  Drone x2  
  41  3:37  Drone  
  41  3:38  Drone  
  41  3:40  Drone  
  44  3:43  Extractor  
  44  3:45  Queen, Extractor  
  44  3:46  Roach Warren  
  43  3:50  Drone  
  43  3:52  Drone  
  43  3:53  Overlord  
  45  3:59  Drone  
  45  4:00  Overlord  
  45  4:02  Drone  
  47  4:03  Drone x2  
  47  4:06  Lair  
  47  4:09  Drone x3  
  53  4:17  Zergling x6  
  53  4:24  Spore Crawler  
  54  4:28  Roach x3  
  59  4:32  Roach x2  
  63  4:47  Drone, Overlord  
  63  4:48  Drone x5  
  66  4:58  Overlord  
  66  4:59  Drone  
  65  5:00  Drone x4  
  68  5:07  Overlord, Evolution Chamber x2  
  68  5:09  Roach x2  
  68  5:14  Glial Reconstitution  
  70  5:18  Queen  
  72  5:21  Overseer  
  72  5:25  Overseer  
  72  5:30  Drone x3  
  72  5:32  Drone x2  
  72  5:33  Roach x3  
  72  5:34  Roach  
  85  5:39  Zerg Missile Weapons Level 1  
  85  5:54  Overlord  
  85  5:55  Drone, Overlord x2  
  86  5:58  Extractor  
  86  6:02  Extractor  
  86  6:03  Zerg Ground Armor Level 1  
  84  6:06  Overlord  
  84  6:07  Overlord x3  
  84  6:10  Hatchery  
  83  6:13  Drone  
  83  6:15  Drone x2  
  86  6:27  Drone  
  86  6:28  Drone x4  
  86  6:32  Extractor  
  90  6:35  Infestation Pit  
  90  6:37  Overlord  
  90  6:38  Roach  
  90  6:39  Roach x7  
  105  6:45  Hydralisk Den, Drone x3  
  105  6:46  Drone  
  108  7:03  Zergling x2  
  108  7:04  Zergling x8  
  108  7:06  Ravager x5  
  108  7:07  Ravager  
  119  7:09  Queen  
  119  7:10  Queen x2  
  125  7:16  Zergling x12  
  125  7:17  Zergling x2  
  132  7:29  Roach  
  127  7:30  Roach x3, Spine Crawler  
  127  7:31  Spine Crawler  
  104  7:43  Roach  
  104  7:44  Roach x7  
Show
View Real Time Build Order
Export as new Build Order

Pumba Protoss - Winner!

Build Orders: 1 Gate Expand, Zealot Archon, Archon Drop, Dark Templar Rush 

Get SALT Encoding   

  12  0:00  Probe  
  13  0:12  Probe  
  14  0:21  Pylon  
  14  0:24  Probe  
  15  0:39  Probe (Chrono Boost)  
  16  0:47  Gateway  
  16  0:52  Probe (Chrono Boost)  
  16  0:53  Assimilator  
  17  0:59  Probe (Chrono Boost)  
  18  1:06  Probe  
  19  1:18  Probe  
  20  1:24  Nexus  
  20  1:35  Cybernetics Core  
  20  1:37  Probe  
  21  1:41  Assimilator  
  21  1:49  Probe  
  22  2:01  Probe  
  23  2:08  Pylon  
  23  2:12  Warp Gate  
  23  2:23  Adept (Chrono Boost)  
  23  2:27  Probe (Chrono Boost)  
  26  2:33  Twilight Council  
  26  2:37  Probe (Chrono Boost)  
  26  2:44  Probe (Chrono Boost), Stalker (Chrono Boost)  
  28  2:47  Probe (Chrono Boost)  
  31  2:52  Probe x2 (Chrono Boost)  
  31  2:55  Robotics Facility  
  33  3:04  Probe x2  
  35  3:16  Probe x2  
  37  3:22  Dark Shrine  
  37  3:23  Gateway  
  37  3:24  Gateway  
  37  3:28  Probe  
  37  3:29  Gateway  
  37  3:31  Probe  
  39  3:40  Probe  
  39  3:41  Warp Prism (Chrono Boost)  
  42  3:51  Probe  
  42  3:52  Probe  
  44  3:58  Pylon  
  44  4:00  Assimilator  
  44  4:02  Assimilator  
  44  4:03  Probe  
  44  4:04  Probe  
  44  4:07  Pylon  
  46  4:11  Pylon  
  46  4:16  Probe  
  48  4:17  Probe  
  48  4:28  Probe  
  48  4:29  Probe  
  50  4:34  Dark Templar  
  50  4:35  Dark Templar x2  
  56  4:38  Dark Templar  
  56  4:40  Probe  
  56  4:41  Probe  
  56  4:44  Pylon  
  60  4:52  Probe  
  61  5:03  Observer (Chrono Boost)  
  62  5:08  Charge  
  62  5:13  Archon x2, Gateway  
  62  5:14  Gateway  
  62  5:15  Immortal (Chrono Boost), Gateway  
  62  5:17  Gateway  
  66  5:22  Gateway  
  66  5:27  Pylon  
  66  5:42  Immortal (Chrono Boost)  
  70  5:56  Nexus  
  70  6:11  Immortal (Chrono Boost)  
  74  6:24  Dark Templar x2  
  78  6:25  Dark Templar x2, Pylon  
  78  6:29  Pylon  
  82  6:34  Pylon  
  82  6:38  Pylon  
  82  6:41  Archon x2  
  82  6:42  Pylon  
  82  6:45  Zealot x2  
  82  6:46  Zealot x3, Pylon  
  92  7:02  Zealot x4  
  100  7:11  Zealot x3  
  106  7:27  Zealot x6  
  100  7:34  Zealot x3  
  88  7:50  Dark Templar  
  88  7:51  Dark Templar x2  
  90  7:52  Dark Templar  
  90  7:55  Archon x2  
Tags
 
Add a new tag
Caveats
  • Supply blocks, unpowered buildings, or Contaminate may cause inaccurate times.
  • Supply counts are checked every 10 seconds.